 Dungeon Crawl Stone Soup version 0.31-b1-22-gc680215f68 (webtiles) character file.

Game seed: 6091045596428754546

308 Arctor the Vexing (level 6, 0/47 HPs)
             Began as a Gnoll Hexslinger on Jan 18, 2024.
             Slain by an orc
             ... wielding a +0 short sword
              (5 damage)
             ... on level 3 of the Dungeon.
             The game lasted 00:02:10 (1961 turns).

Arctor the Vexing (Gnoll Hexslinger)                Turns: 1961, Time: 00:02:10

Health: 0/47       AC:  3    Str:  7    XL:     6   Next: 40%
Magic:  9/11       EV: 14    Int: 13    God:
Gold:   61         SH:  0    Dex: 16    Spells: 9/11 levels left

rFire   + . .        a - +1 sling
rCold   . . .        (no shield)
rNeg    . . .        c - +0 robe
rPois   .            l - +0 helmet
rElec   .            (no cloak)
rCorr   .            (no gloves)
SInv    .            (no boots)
Will    .....        (no amulet)
Stlth   ++           g - ring of protection from fire
HPRegen 0.27/turn    (no ring)
MPRegen 0.12/turn

%: no passive effects
@: mighty, weak-willed, jinxed
A: fangs 1, strong nose, distributed training
a: no special abilities


You were on level 3 of the Dungeon.
You visited 1 branch of the dungeon, and saw 3 of its levels.

You collected 61 gold pieces.

Inventory:

Hand Weapons
 a - a +1 sling (weapon)
 q - a +0 dagger of protection
Armour
 c - a +0 robe (worn)
 l - a +0 helmet (worn)
Jewellery
 g - a ring of protection from fire (left hand)
Talismans
 j - a flux talisman
Scrolls
 b - a scroll of poison
 i - 2 scrolls of identify {unknown}
 k - 3 scrolls of teleportation {unknown}
 m - a scroll of enchant weapon {unknown}
 n - a scroll of brand weapon {unknown}
 p - a scroll of revelation {unknown}
Potions
 e - a potion of curing {unknown}
 f - 3 potions of brilliance {unknown}
 h - a potion of invisibility {unknown}
 o - a potion of attraction {unknown}


   Skills:
 + Level 3.3 Fighting
 + Level 2.0 Short Blades
 + Level 2.0 Long Blades
 + Level 2.0 Axes
 + Level 2.0 Maces & Flails
 + Level 2.0 Polearms
 + Level 2.0 Staves
 + Level 5.0 Ranged Weapons
 + Level 2.0 Throwing
 + Level 2.0 Armour
 + Level 5.0 Dodging
 + Level 2.0 Stealth
 + Level 2.0 Shields
 + Level 2.0 Unarmed Combat
 + Level 3.4 Spellcasting
 + Level 1.6 Conjurations
 + Level 5.7 Hexes
 + Level 1.6 Summonings
 + Level 1.6 Necromancy
 + Level 1.6 Translocations
 + Level 2.6 Fire Magic
 + Level 1.6 Ice Magic
 + Level 1.6 Air Magic
 + Level 1.6 Earth Magic
 + Level 1.6 Alchemy
 + Level 2.2 Invocations
 + Level 2.0 Evocations
 + Level 1.8 Shapeshifting


You had 9 spell levels left.
You knew the following spells:

 Your Spells              Type           Power      Damage    Failure   Level
a - Jinxbite              Hex            34%        N/A       3%          2

Your spell library contained the following spells:

 Spells                   Type           Power      Damage    Failure   Level
 Sigil of Binding         Hex            17%        N/A       6%          3
 Inner Flame              Hex/Fire       13%        N/A       12%         3
 Cause Fear               Hex            8%         N/A       22%         4
 Dimensional Bullseye     Hex/Tloc       5%         N/A       43%         4


Dungeon Overview and Level Annotations

Branches:
Dungeon (3/15)

Altars:

Shops:
D:3 !


Innate Abilities, Weirdness & Mutations

You have very sharp teeth.
Your uncanny sense of smell can sniff out nearby items.
Your experience applies equally to all skills.


Message History

Natasha is heavily wounded.
A giggling sprite leaps out and makes Natasha trip over her own paws.
Natasha is severely wounded.
Natasha barely misses you. The orc closely misses you.
A giant cockroach comes into view.
Natasha claws you but does no damage.
You shoot a sling bullet.
The sling bullet closely misses Natasha.
The orc hits you but does no damage. Natasha claws you.
Unknown command.
You shoot a sling bullet. The sling bullet hits Natasha!
You kill Natasha!
Natasha screams in pain as she dies!
The orc closely misses you. x2
Unknown command.
The orc hits you with a +0 short sword. The orc hits you with a +0 dagger.
The orc barely misses you. The orc hits you with a +0 short sword.
* * * LOW HITPOINT WARNING * * *
The orc misses you.
The jinxing sprites lose interest in you.
The orc attacks as it pursues you! The orc hits you with a +0 short sword.
* * * LOW HITPOINT WARNING * * *
The orc hits you but does no damage.
You see here an amulet of guardian spirit.
The orc attacks as it pursues you! The orc barely misses you.
It was a potion of might.
You feel very mighty all of a sudden. The orc closely misses you.
You shoot a sling bullet. The sling bullet barely misses the orc.
The sling bullet hits the orc!
You kill the orc!
The orc hits you with a +0 short sword.
* * * LOW HITPOINT WARNING * * *
Unknown command.
Casting: Jinxbite (safe; 3% risk of failure)
Confirm with . or Enter, or press ? or * to list all spells.
You beckon some vexing sprites to accompany your attacks.
You feel your willpower being sapped. The orc hits you with a +0 short sword.
You die...

.#.. ..# ... .... ...
... .#.##.# ####..#.
...#.# ........
#..#.# #.....###..#@#
#..........#o#
#..........Bo##.#
#......)..#.....#
#####.........".#.###
.......^........#.#
######.####.##.#.#
#.# #......# #.#
#.##.###


You could see 2 orcs and a giant cockroach.

Vanquished Creatures
  Sigmund (D:2)
  Jessica (D:2)
  Natasha (D:3)
  Terence (D:2)
  2 adders
  2 orcs (D:3)
  7 ball pythons
  3 endoplasms
  3 giant cockroaches
  4 goblins
  7 hobgoblins
  4 jackals (D:2)
  4 kobolds
  5 quokkas
  4 bats
  3 rats
52 creatures vanquished.

Notes
Turn   | Place    | Note
-------+----------+-------------------------------------------
     0 | D:1      | Arctor the Gnoll Hexslinger began the quest for the Orb.
     0 | D:1      | Reached XP level 1. HP: 17/17 MP: 4/4
    98 | D:1      | Found a faded altar of an unknown god.
   209 | D:1      | Reached XP level 2. HP: 23/23 MP: 5/5
   235 | D:1      | Learned a level 2 spell: Jinxbite
   800 | D:2      | Reached XP level 3. HP: 27/28 MP: 7/7
   886 | D:2      | Reached skill level 1 in Invocations
  1044 | D:2      | Reached skill level 1 in Short Blades
  1044 | D:2      | Reached skill level 1 in Long Blades
  1044 | D:2      | Reached skill level 1 in Axes
  1044 | D:2      | Reached skill level 1 in Maces & Flails
  1044 | D:2      | Reached skill level 1 in Polearms
  1044 | D:2      | Reached skill level 1 in Staves
  1044 | D:2      | Reached skill level 1 in Throwing
  1044 | D:2      | Reached skill level 1 in Armour
  1044 | D:2      | Reached skill level 1 in Stealth
  1044 | D:2      | Reached skill level 1 in Shields
  1044 | D:2      | Reached skill level 1 in Unarmed Combat
  1044 | D:2      | Reached skill level 1 in Evocations
  1152 | D:2      | Noticed Jessica
  1164 | D:2      | Killed Jessica
  1165 | D:2      | Reached skill level 1 in Shapeshifting
  1165 | D:2      | Reached XP level 4. HP: 20/34 MP: 5/8
  1295 | D:2      | Noticed Terence
  1302 | D:2      | Killed Terence
  1303 | D:2      | Reached skill level 1 in Conjurations
  1303 | D:2      | Reached skill level 1 in Summonings
  1303 | D:2      | Reached skill level 1 in Necromancy
  1303 | D:2      | Reached skill level 1 in Translocations
  1303 | D:2      | Reached skill level 1 in Ice Magic
  1303 | D:2      | Reached skill level 1 in Air Magic
  1303 | D:2      | Reached skill level 1 in Earth Magic
  1303 | D:2      | Reached skill level 1 in Alchemy
  1454 | D:2      | Noticed Sigmund
  1466 | D:2      | Killed Sigmund
  1467 | D:2      | Reached skill level 5 in Ranged Weapons
  1467 | D:2      | Reached skill level 5 in Dodging
  1467 | D:2      | Reached XP level 5. HP: 14/41 MP: 5/10
  1467 | D:2      | Reached XP level 6. HP: 17/47 MP: 5/11
  1783 | D:3      | Found Huoppi's Distillery.
  1904 | D:3      | Identified the +2 plate armour of the Ladybird {+Blink
                  | Dex+6}
  1938 | D:3      | Noticed Natasha
  1951 | D:3      | Killed Natasha
  1961 | D:3      | Slain by an orc

Illustrated notes

Levels and vault maps discovered:
D:1:      minmay_arrival_glassed_features, layout_basic,
          shapermc_ecumenical_altar_totnotflames,
          amcnicky_mini_rare_corridor_liquid, st_stairs_2
D:2:      layout_loops_ring, uniq_terence, uniq_sigmund, uniq_jessica
D:3:      layout_basic, serial_shops, shop, reono_crystal_passage, uniq_ijyb,
          uniq_natasha

Skill      XL: |  1  2  3  4  5  6 |
---------------+-------------------+-----
Fire Magic     | 2 |  2.6
Invocations    | 1 2 |  2.2
Short Blades   | 1 2 |  2.0
Long Blades    | 1 2 |  2.0
Axes           | 1 2 |  2.0
Maces & Flails | 1 2 |  2.0
Polearms       | 1 2 |  2.0
Staves         | 1 2 |  2.0
Throwing       | 1 2 |  2.0
Armour         | 1 2 |  2.0
Stealth        | 1 2 |  2.0
Shields        | 1 2 |  2.0
Unarmed Combat | 1 2 |  2.0
Evocations     | 1 2 |  2.0
Spellcasting   | 3 |  3.4
Shapeshifting  | 1 |  1.8
Conjurations   | 1 |  1.6
Summonings     | 1 |  1.6
Necromancy     | 1 |  1.6
Translocations | 1 |  1.6
Ice Magic      | 1 |  1.6
Air Magic      | 1 |  1.6
Earth Magic    | 1 |  1.6
Alchemy        | 1 |  1.6
Fighting       | 3 |  3.3
Ranged Weapons | 5 |  5.0
Dodging        | 5 |  5.0
Hexes          | |  5.7

Action                     |  1- 3 |  4- 6 || total
---------------------------+-------+-------++-------
   Fire: Sling             |   111 |    64 ||   175
   Cast: Jinxbite          |     1 |     5 ||     6
    Use: Potion            |       |     1 ||     1
 Armour: Robe              |    34 |    23 ||    57
  Dodge: Dodged            |    59 |    30 ||    89
